 Dungeon Sprint DCSS version 0.16.2-12-gd0ad4c3 (webtiles) character file.

898 Kira the Grappler (level 7, 0/109 HPs)
             Began as a Minotaur Monk on Oct 21, 2015.
             Was a Follower of Trog.
             Slain by a wasp (8 damage)
             ... in the Dungeon (Sprint II: "The Violet Keep of Menkaure").
             The game lasted 00:03:36 (538 turns).

Kira the Grappler (Minotaur Monk)                    Turns: 538, Time: 00:03:38

Health: 0/109      AC:  2    Str: 23      XL:     7   Next: 79%
Magic:  3/3        EV: 16    Int:  4 (7)  God:    Trog [*.....]
Gold:   729        SH:  0    Dex: 12      Spells: 0 memorised, 6 levels left

rFire  . . .     SeeInvis .       - Unarmed
rCold  . . .     Clarity  .     a - +0 robe
rNeg   . . .     SustAb   .     (no shield)
rPois  .         Gourm    .     (helmet restricted)
rElec  .         Spirit   .     (no cloak)
rCorr  .         Warding  .     (no gloves)
rMut   .         NoTele   +     (no boots)
MR     ++...                    (no amulet)
Stlth  ..........               (no ring)
                                (no ring)

@: berserking, regenerating, very quick, very resistant to hostile enchantments,
extremely unstealthy
A: retaliatory headbutt, horns 2
a: Burn Spellbooks, Berserk, Renounce Religion


You were in the Dungeon.
You worshipped Trog.
Trog was aware of your devotion.
You were not hungry.

You visited 1 branch You collected 729 gold pieces.

Inventory:

Armour
 a - a +0 robe (worn)
Scrolls
 h - a scroll of blinking
Potions
 c - a potion of curing
 d - a potion of heal wounds
 e - a potion of haste
 f - 2 potions of magic
 g - a potion of berserk rage
Comestibles
 b - a bread ration


   Skills:
 + Level 10.4 Fighting
 + Level 9.1 Dodging
 + Level 2.8 Stealth
 + Level 13.9 Unarmed Combat


You had 6 spell levels left.
You didn't know any spells.

Dungeon Overview and Level Annotations

Branches:
Dungeon (1/1)

Altars:
Cheibriados
Dithmenos
Elyvilon
Fedhas
Gozag
Kikubaaqudgha
Makhleb
Nemelex Xobeh
Okawaru
Qazlal
Ru
Sif Muna
Trog
Vehumet
Xom
Yredelemnul
Zin
The Shining One
Beogh
Jiyva
Lugonu

Shops:
D :=(%*:=!%([?*[!}

Annotations:
D exclusion: oklob plant, Roxanne


Innate Abilities, Weirdness & Mutations

You reflexively headbutt those who attack you in melee.
You have a pair of horns on your head.


Message History

The yaktaur is heavily wounded.
The yaktaur hits you!
* * * LOW HITPOINT WARNING * * *
You punch the yaktaur! You headbutt the yaktaur.
The yaktaur is severely wounded.
Use which ability? (? or * to list)
Okay, then.
Use which ability? (? or * to list)
Your skin crawls.
You feel resistant to hostile enchantments.
You feel slightly more hungry.
You can no longer call upon Trog for regeneration and protection from hostile enchantments.
The yaktaur barely misses you.
Use which ability? (? or * to list)
A red film seems to cover your vision as you go berserk!
You feel yourself moving faster!
You feel mighty!
You feel somewhat more hungry. The wasp barely misses you.
You furiously retaliate!
You headbutt the wasp! The yaktaur closely misses you. You furiously retaliate!
You headbutt the yaktaur! The wasp stings you!
You die...

B.#....# ...# ▓ $ ###..##
#..# $#▓$$( ###.##..# +..#
y#▓%$!$ ##...#..# #..#
h#▓!!(??
.'.#.+..####..##.#▓$[?$??
##.).#.†..###...##▓▓▓▓▓▓▓+
###.##......≈≈≈≈≈≈≈≈≈≈≈≈≈.
.# ##≈≈.§..§≈#h########+###
#.#≈≈≈≈≈§§.§≈#.c@.....#§§§#
##≈≈≈≈≈≈§§.≈#.y..(._.#§§§≈#
≈≈≈§≈§≈≈≈§≈#..._._._#≈§§≈≈
≈§≈≈§≈≈≈§§#.._._._.#§§{≈§
≈≈≈≈§§≈≈§#._(_._._#§§≈§§
≈§§###≈§#_._._._.#≈§≈§§
#§≈#._._._..#≈≈§§
#≈§#_._._...#§§§§
§§§≈##########§≈§§


You could see a polar bear, a yaktaur and a wasp.

Vanquished Creatures
  A siren (D)
  A baby alligator (D)
  A crocodile (D)
  4 brain worms (D)
  3 worms (D)
10 creatures vanquished.

Vanquished Creatures (others)
  Menkaure (D)
1 creature vanquished.

Grand Total: 11 creatures vanquished

Notes
Turn   | Place    | Note
--------------------------------------------------------------
     0 | D        | Kira, the Minotaur Monk, began the quest for the Orb.
     0 | D        | Reached XP level 1. HP: 19/19 MP: 1/1
     1 | D        | Noticed a brain worm
     1 | D        | Noticed a brain worm
     1 | D        | Noticed a brain worm
     1 | D        | Noticed a brain worm
     7 | D        | Killed a brain worm
     7 | D        | Reached skill level 5 in Fighting
     7 | D        | Reached skill level 7 in Unarmed Combat
     7 | D        | Reached XP level 2. HP: 21/30 MP: 1/1
     7 | D        | Reached XP level 3. HP: 25/37 MP: 2/2
     7 | D        | Reached XP level 4. HP: 29/44 MP: 2/2
     9 | D        | Killed a brain worm
     9 | D        | Reached skill level 5 in Dodging
     9 | D        | Reached skill level 9 in Unarmed Combat
     9 | D        | Reached XP level 5. HP: 32/51 MP: 2/2
    13 | D        | Killed a brain worm
    13 | D        | Reached skill level 10 in Unarmed Combat
    16 | D        | Killed a brain worm
    16 | D        | Reached XP level 6. HP: 26/61 MP: 3/3
   190 | D        | Noticed a siren
   203 | D        | Killed a siren
   203 | D        | Reached skill level 12 in Unarmed Combat
   203 | D        | Reached XP level 7. HP: 49/71 MP: 3/3
   241 | D        | Killed Menkaure
   302 | D        | Noticed a boulder beetle
   302 | D        | Noticed a boulder beetle
   311 | D        | Reached skill level 13 in Unarmed Combat
   323 | D        | Found Vupruet's Distillery.
   324 | D        | Found Marae's Antique Weapon Shoppe.
   324 | D        | Found Ocex's Food Emporium.
   324 | D        | Found Ocyo's Weapon Shoppe.
   324 | D        | Found Ickuept's Assorted Antiques.
   324 | D        | Found Vaopaplia's Distillery.
   324 | D        | Found Efikieng's Magic Scroll Shoppe.
   324 | D        | Found Qaafri's Food Emporium.
   324 | D        | Found Gotairch's Antique Armour Shoppe.
   324 | D        | Found Nosh's Jewellery Emporium.
   324 | D        | Found Erain's Gadget Shoppe.
   324 | D        | Found Wiewk's Antique Armour Emporium.
   325 | D        | Found Daenaes' Jewellery Emporium.
   325 | D        | Noticed a spiny frog
   326 | D        | Found Yriyji's General Store.
   326 | D        | Found Klor's Book Emporium.
   327 | D        | Noticed a redback
   334 | D        | Noticed a baby alligator
   338 | D        | Noticed a spiny frog
   342 | D        | Killed a baby alligator
   342 | D        | Reached skill level 10 in Fighting
   345 | D        | Noticed a redback
   345 | D        | Noticed an oklob plant
   346 | D        | Found Kierierch's Book Shoppe.
   349 | D        | Noticed a black bear
   349 | D        | Noticed a black bear
   352 | D        | Noticed a black bear
   372 | D        | Noticed Roxanne
   385 | D        | Noticed a crocodile
   389 | D        | Killed a crocodile
   392 | D        | Found a burning altar of Makhleb.
   392 | D        | Found an ancient bone altar of Kikubaaqudgha.
   392 | D        | Found a snail-covered altar of Cheibriados.
   392 | D        | Found a shadowy altar of Dithmenos.
   510 | D        | Found a viscous altar of Jiyva.
   510 | D        | Found an opulent altar of Gozag.
   510 | D        | Found a white marble altar of Elyvilon.
   510 | D        | Found a glowing silver altar of Zin.
   511 | D        | Found a sparkling altar of Nemelex Xobeh.
   512 | D        | Found a shimmering altar of Xom.
   512 | D        | Found a stormy altar of Qazlal.
   512 | D        | Found a glowing golden altar of the Shining One.
   512 | D        | Found an iron altar of Okawaru.
   512 | D        | Found a basalt altar of Yredelemnul.
   512 | D        | Found a bloodstained altar of Trog.
   512 | D        | Found a corrupted altar of Lugonu.
   512 | D        | Noticed a wasp
   512 | D        | Noticed a polar bear
   513 | D        | Found a blossoming altar of Fedhas.
   513 | D        | Found a radiant altar of Vehumet.
   513 | D        | Found a roughly hewn altar of Beogh.
   513 | D        | Found a deep blue altar of Sif Muna.
   513 | D        | Found a sacrificial altar of Ru.
   513 | D        | Noticed a yaktaur
   515 | D        | Noticed a polar bear
   524 | D        | Became a worshipper of Trog the Wrathful
   524 | D        | Acquired Trog's first power
   524 | D        | Acquired Trog's second power
   532 | D        | Noticed a crocodile
   535 | D        | HP: 3/73 [yaktaur (9)]
   538 | D        | Slain by a wasp

Action                   |  1- 3 |  4- 6 |  7- 9 || total
-------------------------+-------+-------+-------++-------
Melee: Unarmed           |     6 |    19 |    32 ||    57
Invok: Berserk           |       |       |     1 ||     1
       Trog's Hand       |       |       |     1 ||     1
